 Dungeon Sprint DCSS version 0.30-a0-778-g2ef04afb54 (webtiles) character file.

Game seed: 3506469753918991863

18 100100145 the Chopper (level 2, 0/26 HPs)
             Began as a Minotaur Gladiator on Feb 16, 2023.
             Succumbed to an adder's poison
             ... in the Dungeon (Sprint IX: "|||||||||||||||||||||||||||||").
             The game lasted 00:00:15 (29 turns).

100100145 the Chopper (Minotaur Gladiator)            Turns: 29, Time: 00:00:15

Health: 0/26       AC:  3    Str: 18    XL:     2   Next: 48%
Magic:  1/1        EV: 13    Int:  5    God:
Gold:   0          SH:  0    Dex: 11    Spells: 1/1 levels left

rFire   . . .      SeeInvis .    a - +0 war axe
rCold   . . .      Faith    .    (no shield)
rNeg    . . .      Spirit   .    b - +0 leather armour
rPois   .          Reflect  .    c - +0 hat
rElec   .          Harm     .    (no cloak)
rCorr   .          Rampage  .    (no gloves)
Will    .....      NoTele   +    (no boots)
Stlth   +                        (no amulet)
HPRegen 0.24/turn                (no ring)
MPRegen 0.07/turn                (no ring)

@: lethally poisoned (0 -> -2)
A: horns 2, retaliatory headbutt
a: no special abilities


You were in the Dungeon.
You visited 1 branch

Inventory:

Hand Weapons
 a - a +0 war axe (weapon)
Missiles
 d - 3 throwing nets (quivered)
 e - a javelin
Armour
 b - a +0 leather armour (worn)
 c - a +0 hat (worn)
Scrolls
 k - a scroll of blinking
Potions
 f - a potion of curing
 g - a potion of heal wounds
 h - a potion of haste
 i - 2 potions of magic
 j - a potion of berserk rage


   Skills:
 + Level 3.0 Fighting
 + Level 5.2 Axes
 + Level 2.4 Throwing
 + Level 1.7 Armour
 + Level 4.6 Dodging


You had one spell level left.
You didn't know any spells.
Your spell library was empty.

Dungeon Overview and Level Annotations

Branches:
Dungeon (1/1)

Altars:


Innate Abilities, Weirdness & Mutations

You have a pair of horns on your head.
You reflexively headbutt those who attack you in melee.


Message History

Your Dodging skill increases to level 4!
Items here: ( )) ††.
You open the door. 2 snakes, a howler monkey, a gnoll sergeant and a quokka come into view.
The water moccasin hisses angrily.
The gnoll sergeant shouts!
The adder barely misses you.
You hit the adder.
The adder is moderately wounded.
The adder completely misses you.
You closely miss the adder.
The adder is moderately wounded.
The adder closely misses you. You furiously retaliate!
You headbutt the adder, but do no damage.
The howler monkey hoots and howls with incredible vigour!
The adder bites you but does no damage.
You miss the adder.
You headbutt the adder, but do no damage.
The adder is moderately wounded.
The adder bites you.
You are poisoned.
The adder poisons you! The adder barely misses you.
You slash the adder!
You kill the adder!
You feel sick.
Your Fighting skill increases to level 3!
Your Axes skill increases to level 5!
You have reached level 2!
You closely miss the quokka.
You feel sick. The quokka barely misses you. You furiously retaliate!
You headbutt the quokka!
You kill the quokka!
The gnoll sergeant hits you from afar with a +0 spear!
* * * LOW HITPOINT WARNING * * *
The gnoll sergeant closely misses you.
* * * LOW HITPOINT WARNING * * *
You feel sick. The gnoll sergeant misses you.
There is an open door, spattered with blood here.
Things that are here:
a quokka corpse; an adder corpse You hit the gnoll sergeant but do no damage.
You die...

▓+▓
▓.▓
▓.▓
▓S▓
▓h▓
▓g▓
▓@▓
▓.▓
▓.▓
▓.▓
▓.▓
▓)▓
▓†▓
▓.▓
▓.▓


You could see a water moccasin, a gnoll sergeant and a howler monkey.

Vanquished Creatures
  An adder (D)
  A dart slug (D)
  2 ball pythons (D)
  A goblin (D)
  A kobold (D)
  A quokka (D)
7 creatures vanquished.

Notes
Turn   | Place    | Note
-------+----------+-------------------------------------------
     0 | D        | 100100145 the Minotaur Gladiator began the quest for the
                  | Orb.
     0 | D        | Reached XP level 1. HP: 18/18 MP: 0/0
     9 | D        | Reached skill level 4 in Axes
    17 | D        | Reached skill level 1 in Armour
    22 | D        | Noticed a water moccasin
    22 | D        | Noticed a howler monkey
    22 | D        | Noticed a gnoll sergeant
    27 | D        | Reached skill level 5 in Axes
    27 | D        | Reached XP level 2. HP: 10/26 MP: 1/1
    27 | D        | HP: 1/26 [gnoll sergeant/+0 spear (8)]
    29 | D        | Succumbed to an adder's poison

Illustrated notes

Levels and vault maps discovered:
D:        linesprint [early_d, line_temple, items_1, d_10, items_2, lair_1,
          lair_end, items_3, orc_1, orc_end, items_4, d_15, swamp_1, shoals_1,
          snake_1, spider_1, d_20, vaults_1, items_5, swamp_end, shoals_end,
          snake_end, spider_end, vaults_end, d_27, items_6, zot_1, zot_end,
          crypt_end, forest_end, elf_end, slime_end, tomb_end, abyss_end,
          pan_hell_end]

Skill      XL: |  1 |
---------------+----+-----
Axes           | 5 |  5.2
Armour         | 1 |  1.7
Dodging        | 4 |  4.6
Fighting       | 3 |  3.0
Throwing       | |  2.4

Action                     || total
---------------------------++-------
  Melee: War axe           ||    18
         Headbutt          ||     3
 Armour: Leather armour    ||     3
  Dodge: Dodged            ||    13

Table legend: (Time is in decaauts)
 A = Elapsed time spent in this place.
 B = Non-inter-level travel time spent in this place.
 C = Inter-level travel time spent in this place.
 D = Time resting spent in this place.
 E = Time spent auto-exploring this place.
 F = Levels seen in this place.
 G = Mean time per level.
                   A        B        C        D        E       F      G
               +--------+--------+--------+--------+--------+-----+--------+
         Total |     34 |     34 |      0 |      0 |      0 |   1 |   34.0 |
       Dungeon |     34 |     34 |      0 |      0 |      0 |   1 |   34.0 |
               +--------+--------+--------+--------+--------+-----+--------+

Top non-repeatable levels by time:
       D: 34 daAuts
